 Dungeon Crawl Stone Soup version 0.28-a0-919-g0b5b508569 (webtiles) character file.

Game seed: 16886247673699159621

34707 jasper the Basher (level 13, -1/103 HPs)
             Began as a Vine Stalker Berserker on Nov 25, 2021.
             Was a High Priest of Trog.
             Slain by a boulder beetle (40 damage)
             ... on level 11 of the Dungeon.
             The game lasted 00:25:24 (13283 turns).

jasper the Basher (Vine Stalker Berserker)         Turns: 13283, Time: 00:25:24

Health: -1/103     AC: 20    Str: 23    XL:     13   Next: 79%
Magic:  0/14       EV:  9    Int:  7    God:    Trog [*****.]
Gold:   899        SH:  0    Dex: 14    Spells: 12/12 levels left

rFire   + . .      SeeInvis .   d - +1 whip (elec)
rCold   . . .      Faith    .   (no shield)
rNeg    + + +      Spirit   +   V - +3 plate armour {rPois}
rPois   +          Reflect  .   (no helmet)
rElec   +          Harm     .   P - +2 cloak
rCorr   .          Rampage  +   W - +0 pair of gloves of Context {+Inv}
Will    +++..                   I - +2 pair of boots {rampage}
Stlth   ..........              (no amulet)
HPRegen 2.07/turn               o - ring of Kear {*Slow rElec rPois rN+++ Dex-2}
MPRegen 0.14/turn               y - ring of protection from fire

@: berserking, strong-willed, corroded, regenerating, very quick
A: fangs 3, regeneration 1, magic shield, antimagic bite, no potion heal 2
a: Renounce Religion, Evoke Invisibility, Berserk, Trog's Hand, Brothers in Arms


You were on level 11 of the Dungeon.
You worshipped Trog.
Trog was extremely pleased with you.
You visited 2 branches of the dungeon, and saw 16 of its levels.
You also visited: Sewer and Bailey.

You collected 899 gold pieces.

Inventory:

Hand Weapons
 a - a +0 mace
 d - a +1 whip of electrocution (weapon)
 r - a +0 flail
 B - a +2 vorpal flail
 D - a +0 eveningstar
 G - a +0 morningstar
Missiles
 n - 378 stones
 x - 5 throwing nets
 E - 44 boomerangs
 F - 41 poisoned darts (quivered)
 R - 5 atropa-tipped darts
Armour
 b - the +2 kite shield "Doluvot" {rN+ Slay+2}
   (You acquired it on level 3 of the Lair of Beasts)

   Slay:      It affects your accuracy & damage with ranged weapons and melee
   (+2).
   rN:        It protects you from negative energy.
 z - a +1 plate armour of positive energy
 I - a +2 pair of boots of rampaging (worn)
 P - a +2 cloak (worn)
 V - a +3 plate armour of poison resistance (worn)
 W - the +0 pair of gloves of Context (worn) {+Inv}
   (You found it on level 2 of the Lair of Beasts)

   +Inv:      It lets you turn invisible.
Jewellery
 i - a ring of willpower
 m - a ring of poison resistance
 o - the ring of Kear (left hand) {*Slow rElec rPois rN+++ Dex-2}
   (You found it on level 4 of the Lair of Beasts)

   [ring of poison resistance]

   Dex:       It affects your dexterity (-2).
   rElec:     It insulates you from electricity.
   rPois:     It protects you from poison.
   rN:        It renders you almost immune to negative energy.
   *Slow:     It may slow you when you take damage.
 y - a ring of protection from fire (right hand)
 A - a ring of resist corrosion
 C - a +6 ring of strength
 O - a ring of magical power
 U - a ring of ice
Wands
 c - a wand of flame (42)
 L - a wand of paralysis (10)
 Q - a wand of iceblast (14)
 T - a wand of acid (5)
 Y - a wand of polymorph (18)
Scrolls
 e - 11 scrolls of teleportation
 h - 2 scrolls of immolation
 q - a scroll of identify
 H - a scroll of vulnerability
 J - 2 scrolls of magic mapping
 K - 3 scrolls of enchant weapon
 N - 2 scrolls of fear
 S - a scroll of enchant armour
 X - a scroll of brand weapon
Potions
 f - 4 potions of heal wounds
 g - 4 potions of invisibility
 j - 4 potions of might
 k - 4 potions of lignification
 l - 8 potions of curing
 p - 3 potions of mutation
 s - 5 potions of haste
 t - 2 potions of cancellation
 u - 5 potions of attraction
 v - a potion of degeneration
 w - a potion of berserk rage
 Z - a potion of magic
Miscellaneous
 M - a lightning rod (inert)


   Skills:
 - Level 8.7 Fighting
 - Level 12.0 Maces & Flails
 - Level 7.6 Armour
 - Level 7.6 Dodging
 + Level 7.9 Shields
 - Level 8.1 Evocations


You had 12 spell levels left.
You didn't know any spells.
Your spell library was empty.

Dungeon Overview and Level Annotations

Branches:
Dungeon (11/15)            Temple (0/1) D:6            Lair (5/6) D:10
 Shoals (0/4) Lair:3       Spider (0/4) Lair:3        Sewer (visited)
 Bailey (visited)
  Slime: Lair:5-6       Orc: D:9-12

Altars:
Cheibriados
Kikubaaqudgha
Nemelex Xobeh
Okawaru
Ru
Sif Muna
Vehumet
Wu Jian
Xom
Zin
The Shining One

Shops:
D:9 *(

Annotations:
D:8 3 runed translucent doors, AmazingEquinox's ghost, novice MiBe
Lair:5 Nessos


Innate Abilities, Weirdness & Mutations

You have razor-sharp teeth.
Your natural rate of healing is unusually fast.
When hurt, damage is shared between your health and your magic reserves.
Your bite disrupts and absorbs the magic of your enemies.
Potions cannot restore your health.


Message History

Press: ? - help, Shift-Dir - straight line, f/p - boulder beetle
Aim: a boulder beetle (heavily wounded)
The thunderbolt hits the boulder beetle!!
The boulder beetle is almost dead.
The thunderbolt hits the boulder beetle!
The boulder beetle is severely wounded.
The lightning rod overheats!
The boulder beetle leaps!
You regained 2 hp, and now have 30/69 hp.
The lightning rod is presently inert.
Unknown command.
Aiming: Iceblast
Press: ? - help, Shift-Dir - straight line, f - acid dragon
Aim: an acid dragon The mass of ice explodes!
The iceblast engulfs the acid dragon!!
The acid dragon is almost dead.
The iceblast engulfs the boulder beetle!!
The boulder beetle is almost dead.
The boulder beetle curls into a ball and begins rolling!
The acid dragon spits acid at you. The splash of acid hits you!
The acid corrodes you!
You take 9 damage, and have 21/69 hp.
You now have 6/14 mp.
A red film seems to cover your vision as you go berserk!
You feel yourself moving faster!
You feel mighty!
The boulder beetle stops rolling and uncurls.
The acid dragon closely misses you. x2
You now have 34/103 hp.
You whack the acid dragon!
You kill the acid dragon!
Trog accepts your kill.
You rampage towards the boulder beetle!
You completely miss the boulder beetle.
You bite the boulder beetle, but do no damage.
The boulder beetle is almost dead.
You hit the boulder beetle.
You feel the power of Trog in you as your rage grows.
You kill the boulder beetle!
Trog accepts your kill.
The boulder beetle curls into a ball and begins rolling!
You feel a strong urge to attack something.
The boulder beetle hits you!!!
You die...

#. .. #(### ##.
####.#.....
......#.#
#.=...# #(#
#(######.#
####.........
#..@.<.####.
.......B......#
.##.#..###.##.#
#.... ... ..
#.... ......#
#.#.. .....
..... .....
##.#.. ....(.


You could see a boulder beetle (rolling).

Vanquished Creatures
  An orc warlord (Bailey)
  A fire dragon (Lair:2)
  Harold (D:9)
  Fannar (Lair:1)
  A boulder beetle (D:11)
  A hydra (Lair:3)
  2 two-headed ogres (D:10)
  4 death yaks
  Maurice (D:9)
  A black mamba (Lair:3)
  Maggie (D:9)
  An unseen horror (D:11)
  Psyche (D:9)
  4 cane toads
  4 rime drakes
  6 komodo dragons
  2 polar bears
  A troll (D:10)
  Grinder (D:4)
  10 blink frogs
  7 dream sheep (Lair:4)
  A shadow (D:9)
  18 yaks
  4 steam dragons
  A wyvern (Lair:3)
  3 basilisks
  5 humans (D:6)
  Eustachio (D:5)
  8 water moccasins
  3 acid dragons
  A swamp drake (Lair:4)
  3 ice beasts
  6 orc warriors
  2 necrophages (D:7)
  A sky beast (D:7)
  11 wolves (Lair:2)
  6 centaurs
  2 ogres
  A phantom (D:5)
  9 bullfrogs
  2 kobold brigands (D:9)
  3 scorpions
  A water moccasin zombie (D:7)
  A water moccasin skeleton (D:5)
  12 killer bees
  An electric eel (Lair:4)
  A wight (D:7)
  4 howler monkeys
  7 centaur zombies
  3 jellies
  2 hounds (D:5)
  An orc priest (D:5)
  2 centaur skeletons
  4 gnoll shamans
  2 iguanas
  5 orc wizards
  2 hell rats (Lair:4)
  A hound zombie (D:5)
  A mummy (D:8)
  A howler monkey zombie (D:9)
  13 gnolls
  6 adders
  A shadow imp (D:6)
  3 white imps
  An adder skeleton (D:4)
  3 worms
  2 dart slugs
  18 orcs
  7 bats
  3 endoplasms
  3 giant cockroaches
  7 goblins
  6 hobgoblins
  2 jackals (D:3)
  6 quokkas
  6 ball pythons
  28 kobolds
  4 rats
313 creatures vanquished.

Vanquished Creatures (collateral kills)
  A goblin (Bailey)
1 creature vanquished.

Vanquished Creatures (others)
  A white imp (D:7)
  7 fungi
  16 plants
  A withered plant (D:7)
25 creatures vanquished.

Grand Total: 339 creatures vanquished

Notes
Turn   | Place    | Note
-------+----------+-------------------------------------------
     0 | D:1      | jasper the Vine Stalker Berserker began the quest for the
                  | Orb.
     0 | D:1      | Reached XP level 1. HP: 11/11 MP: 2/2
   185 | D:1      | Reached skill level 3 in Maces & Flails
   334 | D:2      | Reached XP level 2. HP: 8/16 MP: 0/3
   592 | D:2      | Reached XP level 3. HP: 19/19 MP: 4/4
   748 | D:2      | Reached skill level 4 in Maces & Flails
   874 | D:2      | Found a faded altar of an unknown god.
  1119 | D:2      | Found a shimmering blue altar of Sif Muna.
  1184 | D:3      | Gained mutation: Your natural rate of healing is unusually
                  | fast. [Vine Stalker growth]
  1184 | D:3      | Reached XP level 4. HP: 23/23 MP: 5/5
  1218 | D:3      | Noticed a water moccasin
  1234 | D:3      | Killed a water moccasin
  1235 | D:3      | Reached skill level 5 in Maces & Flails
  1235 | D:3      | Reached XP level 5. HP: 27/27 MP: 6/6
  1909 | D:4      | Noticed an ogre
  1919 | D:4      | Killed an ogre
  1920 | D:4      | Reached skill level 6 in Maces & Flails
  1920 | D:4      | Reached XP level 6. HP: 32/32 MP: 7/7
  2693 | D:5      | Entered Level 5 of the Dungeon
  2693 | D:5      | Noticed Grinder
  2703 | D:4      | Killed Grinder
  2704 | D:4      | Reached skill level 7 in Maces & Flails
  2704 | D:4      | Reached XP level 7. HP: 35/35 MP: 8/8
  2817 | D:5      | Reached skill level 8 in Maces & Flails
  2883 | D:5      | Gained mutation: You have razor-sharp teeth. [Vine Stalker
                  | growth]
  2883 | D:5      | Reached XP level 8. HP: 39/39 MP: 9/9
  2985 | D:5      | Reached ** piety under Trog
  3001 | D:5      | Reached skill level 9 in Maces & Flails
  3004 | D:5      | Noticed Eustachio
  3016 | D:5      | Killed Eustachio
  3094 | D:5      | Found a glowing drain.
  3098 | Sewer    | Entered a sewer
  3345 | D:5      | Found an iron altar of Okawaru.
  3345 | D:5      | Found a sparkling altar of Nemelex Xobeh.
  3346 | D:5      | Found an ornate altar of the Wu Jian Council.
  3380 | D:5      | Reached skill level 10 in Maces & Flails
  3538 | D:6      | Found a staircase to the Ecumenical Temple.
  3886 | D:6      | Reached XP level 9. HP: 43/43 MP: 8/10
  4044 | D:6      | Reached skill level 11 in Maces & Flails
  4633 | D:6      | Identified a scroll of acquirement
  4633 | D:6      | Acquired a +1 plate armour of positive energy
  4676 | D:7      | Reached skill level 12 in Maces & Flails
  4712 | D:7      | Reached skill level 1 in Evocations
  4961 | D:7      | Reached XP level 10. HP: 45/49 MP: 8/11
  5403 | D:7      | Found a radiant altar of Vehumet.
  5403 | D:7      | Found an ancient bone altar of Kikubaaqudgha.
  5405 | D:7      | Found a shimmering blue altar of Sif Muna.
  5744 | D:8      | Found a glowing golden altar of the Shining One.
  5796 | D:8      | Found a snail-covered altar of Cheibriados.
  5970 | D:8      | Reached *** piety under Trog
  6079 | D:8      | Found a runed translucent gate.
  6080 | D:8      | Found a runed translucent gate.
  6081 | D:8      | Found a runed translucent gate.
  6174 | D:8      | Noticed AmazingEquinox's ghost (novice MiBe)
  6438 | D:9      | Found a flagged portal.
  6444 | D:9      | Noticed Psyche
  6455 | D:9      | Killed Psyche
  6464 | Bailey   | Entered a bailey
  6469 | Bailey   | Noticed an orc warlord
  6603 | Bailey   | Found a runed translucent gate.
  6605 | Bailey   | Found a runed translucent gate.
  6607 | Bailey   | Found a runed translucent gate.
  6808 | Bailey   | Killed an orc warlord
  6809 | Bailey   | Reached skill level 5 in Fighting
  6892 | Bailey   | Acquired a +2 pair of boots of rampaging
  6917 | Bailey   | Reached skill level 5 in Armour
  6917 | Bailey   | Reached skill level 5 in Dodging
  6917 | Bailey   | Reached XP level 11. HP: 58/58 MP: 12/12
  6974 | D:9      | Reached **** piety under Trog
  7048 | D:9      | Noticed Maurice
  7067 | D:9      | Killed Maurice
  7218 | D:9      | Noticed Harold
  7232 | D:9      | Noticed Maggie
  7233 | D:9      | Killed Harold
  7234 | D:9      | Reached XP level 12. HP: 63/63 MP: 9/13
  7238 | D:9      | Killed Maggie
  7351 | D:9      | Found Qoytt's Antique Weapon Shop.
  7445 | D:9      | Found Yned's Fire Supplies.
  7579 | D:10     | Entered Level 10 of the Dungeon
  7616 | D:10     | Found a staircase to the Lair.
  7794 | D:10     | Found a shimmering altar of Xom.
  7797 | D:10     | Noticed an angel
  7802 | D:10     | Found a glowing silver altar of Zin.
  7924 | D:10     | Noticed a two-headed ogre
  7930 | D:10     | Killed a two-headed ogre
  7984 | D:10     | Noticed a two-headed ogre
  7990 | D:10     | Killed a two-headed ogre
  8303 | D:10     | Found a sacrificial altar of Ru.
  8521 | D:11     | Noticed a boulder beetle
  8521 | D:11     | Noticed a boulder beetle
  8736 | Lair:1   | Entered Level 1 of the Lair of Beasts
  9267 | Lair:1   | Noticed Fannar
  9286 | Lair:1   | Killed Fannar
 10264 | Lair:2   | Noticed a fire dragon
 10275 | Lair:2   | Killed a fire dragon
 10289 | Lair:2   | Identified the +0 pair of gloves of Context {+Inv}
 10675 | Lair:3   | Reached XP level 13. HP: 63/69 MP: 12/14
 10747 | Lair:3   | Found a staircase to the Shoals.
 10938 | Lair:3   | Found a hole to the Spider Nest.
 11058 | Lair:3   | Acquired the +2 kite shield "Doluvot" {rN+ Slay+2}
 11154 | Lair:3   | Reached ***** piety under Trog
 11155 | Lair:3   | Reached skill level 1 in Shields
 11845 | Lair:4   | Identified the ring of Kear {*Slow rElec rPois rN+++ Dex-2}
 11942 | Lair:4   | Reached skill level 5 in Shields
 13141 | Lair:5   | Noticed Nessos
 13283 | D:11     | Slain by a boulder beetle

Illustrated notes

Levels and vault maps discovered:
D:1:      dpeg_arrival_round_c, layout_rooms
D:2:      layout_rooms, shapermc_ecumenical_altar_acropolis, basic_altar
D:3:      layout_rooms
D:4:      layout_loops_ring, minmay_close_crescents
D:5:      layout_rooms, gammafunk_temple_overflow_claw, gup_sewer_entry_bowl,
          serial_bayou_pond_a, hangedman_abyss_or_decor_stabs, uniq_grinder,
          uniq_eustachio
D:6:      layout_basic, minmay_temple_entry_hall, minmay_ruffians
D:7:      layout_rooms, grunt_temple_overflow_magic_moments, serial_undead,
          serial_undead_a, serial_undead_b, serial_undead_c, serial_undead_e,
          minmay_misc_feat_pillars, grunt_decor_arrowhead,
          hangedman_decor_opposing, corner_web_ring, minmay_starry_boxes
D:8:      layout_gridville, mainiacjoe_overflow_six_doors_small, slow_altar_2,
          gammafunk_ghost_spectres
D:9:      layout_loops_ring, enter_bailey_2, serial_shops, nicolae_square_shop,
          nicolae_shop_fire_sale [nicolae_sub_dead_trees], uniq_harold,
          uniq_psyche, uniq_maggie, uniq_maurice
D:10:     layout_loops_corners, grunt_temple_overflow_order_and_chaos_1,
          nicolae_ru_the_path_less_chosen, dpeg_oklobed_lair
D:11:     layout_loops_cross, hangedman_incinerator
Lair:1:   layout_regular_city, grunt_megastairs_4, uniq_fannar
Lair:2:   dragon1_lemuel, layout_hall_layers
Lair:3:   layout_cellular_growth, minmay_shoals_entry_centaurs,
          dummy_spider_entry, serial_bayou_shore_a, infiniplex_staircase_pool_2
Lair:4:   layout_cave_pods, guppyfry_lair_drakes, serial_bayou_shore_b
Lair:5:   lemuel_slime, layout_loops_ring, slime_altar_2, special_room
          [special_room_mythical_zoo], grunt_forest_small_clearing_treed,
          lemuel_fruit_tree, uniq_nessos

Skill      XL: |  1  2  3  4  5  6  7  8  9 10 11 12 13 |
---------------+----------------------------------------+-----
Maces & Flails | 3 4 5 6 7 8 10 12 | 12.0
Fighting       | 3 6 7 8 |  8.7
Armour         | 2 5 6 7 |  7.6
Dodging        | 2 5 6 7 |  7.6
Evocations     | 2 6 7 8 |  8.1
Shields        | 7 |  7.9

Action                   |  1- 3 |  4- 6 |  7- 9 | 10-12 | 13-15 || total
-------------------------+-------+-------+-------+-------+-------++-------
Melee: Whip              |    53 |   120 |   284 |   577 |   372 ||  1406
       Bite              |    14 |    44 |   109 |   192 |   160 ||   519
       Mace              |     4 |       |       |       |       ||     4
Throw: Stone             |       |    11 |    23 |       |       ||    34
       Dart              |       |       |     9 |    42 |     6 ||    57
Invok: Berserk           |     4 |     3 |     6 |    10 |     2 ||    25
       Trog's Hand       |       |       |       |     3 |     3 ||     6
Evoke: Wand              |       |       |       |    15 |     2 ||    17
       Lightning rod     |       |       |       |       |     4 ||     4
  Use: Scroll            |       |     4 |     8 |    15 |     3 ||    30
       Potion            |       |       |       |     1 |       ||     1
 Stab: Sleeping          |     1 |       |       |       |       ||     1
Armor: Scale mail        |    14 |    18 |       |       |       ||    32
       Animal skin       |     1 |       |       |       |       ||     1
       Chain mail        |       |    26 |    77 |       |       ||   103
       Plate armour      |       |       |    26 |   243 |   145 ||   414
Dodge: Dodged            |    31 |    36 |    70 |   156 |   109 ||   402

Table legend: (Time is in decaauts)
 A = Elapsed time spent in this place.
 B = Non-inter-level travel time spent in this place.
 C = Inter-level travel time spent in this place.
 D = Time resting spent in this place.
 E = Time spent auto-exploring this place.
 F = Levels seen in this place.
 G = Mean time per level.
                   A        B        C        D        E       F      G
               +--------+--------+--------+--------+--------+-----+--------+
         Total |  12914 |  12367 |    547 |   1509 |   8123 |  18 |  717.4 |
       Dungeon |   8121 |   7803 |    318 |   1086 |   5106 |  11 |  738.3 |
          Lair |   4262 |   4034 |    228 |    298 |   2984 |   5 |  852.4 |
         Sewer |     86 |     86 |      0 |      0 |     20 |   1 |   86.0 |
        Bailey |    443 |    443 |      0 |    124 |     13 |   1 |  443.0 |
               +--------+--------+--------+--------+--------+-----+--------+

Top non-repeatable levels by time:
  Lair:4: 1299 daAuts
     D:6: 1182 daAuts
  Lair:3: 1159 daAuts
    D:10: 1069 daAuts
  Lair:2: 1016 daAuts
     D:4: 942 daAuts
     D:2: 889 daAuts
     D:7: 868 daAuts
     D:9: 810 daAuts
  Lair:1: 785 daAuts
     D:5: 707 daAuts
     D:8: 679 daAuts
     D:3: 620 daAuts
  Bailey: 443 daAuts
     D:1: 322 daAuts
